 Dungeon Crawl Stone Soup version 0.24.1-11-gbbbb2193e6 (webtiles) character file.

Game seed: 17659381086138127187, levelgen mode: deterministic

44 Gwenloh the Charmwright (level 3, 0/28 HPs)
             Began as a Merfolk Skald on May 11, 2020.
             Succumbed to an adder's poison
             ... on level 2 of the Dungeon.
             The game lasted 00:04:15 (1214 turns).

Gwenloh the Charmwright (Merfolk Skald)             Turns: 1214, Time: 00:04:15

Health: 0/28       AC:  3    Str: 11    XL:     3   Next: 60%
Magic:  6/6        EV: 12    Int: 13    God:
Gold:   54         SH:  0    Dex: 13    Spells: 1/6 levels left

rFire    . . .     SeeInvis .   a - +0 spear
rCold    . . .     Gourm    .   (no shield)
rNeg     . . .     Faith    .   b - +0 leather armour
rPois    .         Spirit   .   (no helmet)
rElec    .         Reflect  .   (no cloak)
rCorr    .         Harm     .   (no gloves)
MR       .....                  (no boots)
Stlth    +.........             (no amulet)
HPRegen  0.09/turn              (no ring)
MPRegen  0.10/turn              (no ring)

@: lethally poisoned (0 -> -5), infused, singing (expiring)
A: change form in water, swift swim, stealthy swim
a: no special abilities


You were on level 2 of the Dungeon.
You were not hungry.

You visited 1 branch of the dungeon, and saw 2 of its levels.

You collected 54 gold pieces.

Inventory:

Hand Weapons
 a - a +0 spear (weapon)
Missiles
 e - 23 stones (quivered)
Armour
 b - a +0 leather armour (worn)
Scrolls
 g - 2 scrolls of identify {unknown}
 h - a scroll of noise {unknown}
 i - a scroll of random uselessness {unknown}
Comestibles
 d - 3 rations


   Skills:
 + Level 2.5 Fighting
 * Level 3.8 Polearms
 - Level 0.6 Armour
 + Level 3.1 Dodging
 + Level 2.2 Spellcasting
 * Level 3.9 Charms


You had one spell level left.
You knew the following spells:

 Your Spells              Type           Power        Failure   Level  Hunger
a - Infusion              Chrm           ##..         6%          1    ##.....
b - Song of Slaying       Chrm           ##......     10%         2    ###....
c - Shroud of Golubria    Chrm/Tloc      #.....       22%         2    ###....

Your spell library contained the following spells:

 Spells                   Type           Power        Failure   Level  Hunger
 Regeneration             Chrm/Necr      #.........   41%         3    ####...
 Spectral Weapon          Hex/Chrm       #.......     41%         3    ####...


Dungeon Overview and Level Annotations

Branches:
Dungeon (2/15)

Altars:


Message History

The adder bites you but does no damage. The adder barely misses you.
You hit the adder but do no damage.
The adder is almost dead.
* * * LOW HITPOINT WARNING * * *
You feel sick. The adder barely misses you.
Casting: Shroud of Golubria (safe; 22% risk of failure)
Confirm with . or Enter, or press ? or * to list all spells.
You begin infusing your attacks with magical energy.
* * * LOW HITPOINT WARNING * * *
You feel sick. The adder closely misses you.
You hit the adder.
You kill the adder!
* * * LOW HITPOINT WARNING * * *
You feel sick.
It was a potion of magic.
Magic courses through your body.
Your song is almost over.
There is a lethal amount of poison in your body!
There is a lethal amount of poison in your body!
There is a lethal amount of poison in your body!
You die...

#.# #.# #.# ###
#.# #.. #.# #.#
#.# #.#
#.#####.########..
#.##.............#
#.##.##.##@......#
#.##.##.##...#.###
#.##.##.##..(...
#.##.##.##.####.%#
#.......##.# ..
####.#..##.# .
#.#..##.#
#........ ###..#..


There were no monsters in sight!

Vanquished Creatures
  An adder (D:2)
  An ooze (D:1)
  A leopard gecko (D:1)
  A giant cockroach (D:1)
  4 goblins (D:1)
  6 hobgoblins (D:1)
  A bat (D:1)
  4 frilled lizards
  4 kobolds (D:1)
  9 rats (D:1)
32 creatures vanquished.

Notes
Turn   | Place    | Note
-------+----------+-------------------------------------------
     0 | D:1      | Gwenloh the Merfolk Skald began the quest for the Orb.
     0 | D:1      | Reached XP level 1. HP: 16/16 MP: 3/3
    63 | D:1      | Reached XP level 2. HP: 18/22 MP: 0/5
   125 | D:1      | Learned a level 2 spell: Song of Slaying
   128 | D:1      | Learned a level 2 spell: Shroud of Golubria
   625 | D:1      | Reached XP level 3. HP: 28/28 MP: 6/6
  1212 | D:2      | HP: 1/28 [poisoned by an adder]
  1214 | D:2      | Succumbed to an adder's poison

Levels and vault maps discovered:
D:1:      dpeg_arrival_tiny_a, layout_basic, minmay_tromino_mix6
D:2:      layout_loops_ring, marbit_many_paths, serial_bayou_lagoon_b

Skill      XL: |  1  2 |
---------------+-------+-----
Dodging        | 3 |  3.1
Fighting       | |  2.5
Polearms       | |  3.8
Armour         | |  0.6
Spellcasting   | |  2.2
Charms         | |  3.9

Action                   || total
-------------------------++-------
Melee: Spear             ||    96
Throw: Stone             ||    65
 Cast: Infusion          ||     4
       Song of Slaying   ||     2
       Shroud of Golubri ||     1
  Use: Potion            ||     1
  Eat: Chunk             ||     1
Armor: Leather armour    ||    11
Dodge: Dodged            ||    37
